Map: Crête de Lerilak

Players

Nyroc

  • Race: Protoss Protoss

Frozen - Winner!

  • Race: Zerg Zerg
  • League: Master

VOD

Have the link to the VOD?

Description

Time

  • Played on: May 20, 2016, 1:53 p.m.
  • Length: 5:51
Show
View Real Time Build Order
Export as new Build Order

Nyroc Protoss 

Build Orders: Nexus First 

Get SALT Encoding   

  12  0:01  Probe (Chrono Boost)  
  13  0:12  Probe (Chrono Boost)  
  14  0:17  Pylon  
  14  0:22  Probe (Chrono Boost)  
  16  0:35  Probe (Chrono Boost)  
  16  0:48  Probe (Chrono Boost)  
  17  1:01  Nexus  
  17  1:06  Probe (Chrono Boost)  
  18  1:16  Gateway  
  18  1:19  Probe (Chrono Boost)  
  18  1:24  Assimilator  
  19  1:29  Probe (Chrono Boost)  
  20  1:33  Assimilator  
  20  1:40  Probe (Chrono Boost)  
  21  1:51  Pylon  
  21  1:56  Gateway  
  21  1:58  Probe (Chrono Boost)  
  22  2:10  Cybernetics Core  
  22  2:14  Probe (Chrono Boost)  
  23  2:17  Probe (Chrono Boost)  
  24  2:24  Probe (Chrono Boost)  
  24  2:28  Probe (Chrono Boost)  
  26  2:43  Probe (Chrono Boost)  
  27  2:47  Adept x2 (Chrono Boost)  
  27  2:50  Mothership Core  
  32  2:53  Warp Gate (Chrono Boost)  
  32  2:55  Forge  
  32  3:08  Gateway  
  32  3:11  Probe  
  33  3:16  Probe  
  33  3:19  Sentry (Chrono Boost)  
  36  3:21  Sentry (Chrono Boost)  
  36  3:23  Probe  
  36  3:26  Pylon  
  39  3:33  Probe  
  40  3:35  Probe  
  41  3:44  Robotics Facility  
  41  3:45  Probe  
  41  3:48  Probe  
  43  3:57  Probe  
  43  4:00  Probe  
  45  4:03  Pylon  
  45  4:09  Probe  
  46  4:12  Probe  
  47  4:21  Probe  
  45  4:29  Pylon x2  
  42  4:38  Probe x2  
  28  4:54  Probe  
  28  4:59  Adept x3  
  38  5:14  Pylon  
  38  5:16  Pylon  
  32  5:26  Probe  
  30  5:30  Pylon  
  30  5:31  Pylon  
  30  5:38  Pylon  
Show
View Real Time Build Order
Export as new Build Order

Frozen Zerg - Winner!

Build Orders: Hatch First 

Get SALT Encoding   

  12  0:02  Drone  
  13  0:13  Overlord  
  13  0:21  Drone  
  14  0:32  Drone  
  14  0:33  Drone  
  16  0:36  Drone  
  17  0:56  Hatchery  
  16  1:00  Drone  
  16  1:03  Extractor  
  16  1:05  Drone  
  17  1:20  Spawning Pool  
  17  1:23  Drone  
  17  1:27  Drone  
  18  1:34  Drone  
  19  1:44  Overlord  
  19  1:51  Drone  
  20  2:06  Drone  
  20  2:07  Queen  
  23  2:09  Zergling x2  
  24  2:27  Roach Warren  
  23  2:30  Drone  
  24  2:41  Overlord  
  24  2:43  Overlord  
  24  2:48  Metabolic Boost  
  24  3:07  Roach x6  
  36  3:19  Roach x2  
  39  3:20  Zergling x2  
  39  3:21  Zergling x2  
  39  3:26  Zergling x2  
  42  3:33  Zergling x4  
  44  3:40  Zergling x2  
  45  3:48  Zergling x2  
  46  3:51  Zergling x6  
  46  3:54  Overlord  
  49  3:57  Zergling x2  
  50  4:13  Zergling x4  
  46  4:18  Zergling x8  
  49  4:24  Zergling x2  
  49  4:27  Ravager  
  47  4:32  Zergling x4  
  47  4:37  Ravager  
  49  4:40  Zergling x2  
  49  4:41  Zergling x2  
  48  4:48  Ravager  
  48  4:52  Zergling x4  
  51  4:59  Zergling x2  
  46  5:13  Zergling x6  
  42  5:21  Zergling x2  
  42  5:22  Zergling x2  
  42  5:28  Zergling x6  
Tags
 
Add a new tag
Caveats
  • Supply blocks, unpowered buildings, or Contaminate may cause inaccurate times.
  • Supply counts are checked every 10 seconds.